AoeStats
← Launger

Arena

508334273Analyzed
4v4 RM · 11d ago on Sep 22, 2026· 55m 33s· 8 players
Game mode
Random Map
Map size
Large (8 player)
Population
200
Speed
Normal
Resources
Standard
Victory
Conquest
Starting age
Dark Age
Ending age
Imperial Age
RankedLock teamsTeams togetherTeam positionsShared explorationLock speedFull tech treeHidden civsTurbo modeCheats
Victory
Defeat
🇩🇪 Poles · Germany
1148
+13
🇺🇸 Gurjaras · United States
1124
+14
🇵🇱 Turks · Poland
1119
+14
🇦🇷 Saracens · Argentina
1115
+15
🇨🇱 Armenians · Chile
1173
-17
🇨🇱 Cumans · Chile
1109
-15
🇨🇱 Armenians · Chile
1069
-13
🇨🇱 Cumans · Chile
994
-11
Hello World
3:07 Loom
11:30 Feudal Age
13:08 Double-Bit Axe
14:13 Horse Collar
15:36 Wheelbarrow
18:37 Castle Age
17:07 Stone Mining
17:55 Gold Mining
20:58 Forging
23:53 Scale Mail Armor
24:55 Iron Casting
25:38 Gold Shaft Mining
25:23 Bow Saw
25:58 Town Watch
29:27 Hand Cart
33:38 Imperial Age
31:47 Kshatriyas
32:57 Bloodlines
32:48 Husbandry
33:11 Fletching
33:42 Thumb Ring
33:48 Bodkin Arrow
33:50 Elite Elephant Archer
35:46 Chemistry
35:51 Heavy Plow
35:53 Bracer
35:55 Padded Archer Armor
37:13 Ballistics
36:40 Treadmill Crane
37:50 Town Patrol
38:28 Fortified Wall
39:56 Leather Archer Armor
40:04 Frontier Guards
40:05 Conscription
43:07 Murder Holes
42:50 Light Cavalry
46:49 Scale Barding Armor
46:06 Hussar
48:37 Chain Barding Armor
LadenStone72050
0:41 Loom
11:51 Feudal Age
13:09 Double-Bit Axe
16:19 Gold Mining
16:41 Fletching
18:30 Padded Archer Armor
22:13 Horse Collar
25:41 Wheelbarrow
28:24 Castle Age
28:06 Stone Mining
28:29 Crossbowman
29:28 Hand Cart
29:46 Bow Saw
30:33 Bodkin Arrow
31:17 Fervor
34:12 Leather Archer Armor
38:08 Town Watch
41:03 Imperial Age
39:06 Heavy Plow
40:14 Ballistics
40:08 Forging
40:03 Scale Barding Armor
40:27 Husbandry
40:38 Bloodlines
39:49 Light Cavalry
41:07 Elite Mameluke
42:24 Bimaristan
44:10 Hussar
45:42 Counterweights
45:56 Chain Barding Armor
47:16 Chemistry
47:02 Conscription
47:20 Iron Casting
48:09 Plate Barding Armor
49:02 Siege Engineers
49:08 Masonry
50:52 Blast Furnace
PezMaza
10:24 Feudal Age
15:59 Castle Age
14:47 Double-Bit Axe
20:11 Horse Collar
20:26 Loom
20:45 Town Watch
24:49 Wheelbarrow
25:51 Bloodlines
27:02 Husbandry
28:15 Elite Skirmisher
29:45 Gold Mining
30:20 Fletching
31:41 Szlachta Privileges
32:39 Forging
33:51 Hand Cart
33:49 Heavy Plow
39:23 Imperial Age
36:54 Town Patrol
39:34 Capped Ram
40:36 Capped Ram
40:50 Cavalier
42:27 Scale Barding Armor
42:58 Iron Casting
44:35 Capped Ram
46:49 Siege Ram
50:05 Chain Barding Armor
50:46 Blast Furnace
51:55 Bodkin Arrow
55:42 Crop Rotation
55:50 Bracer
55:51 Padded Archer Armor
55:50 Stone Mining
Launger
9:57 Feudal Age
10:53 Double-Bit Axe
14:50 Loom
14:51 Man-at-Arms
20:32 Fletching
34:06 Castle Age
38:39 Wheelbarrow
40:56 Gold Mining
44:09 Gold Shaft Mining
46:21 Imperial Age
44:36 Bow Saw
44:50 Forging
44:46 Padded Archer Armor
46:10 Ballistics
46:03 Forging
46:09 Leather Archer Armor
46:28 Bodkin Arrow
47:50 Hand Cart
48:44 Ring Archer Armor
48:36 Stone Mining
51:17 Artillery
51:46 Conscription
53:14 Iron Casting
52:45 Scale Barding Armor
53:31 Bloodlines
53:23 Husbandry
55:38 Chain Barding Armor
56:18 Blast Furnace
[8Pals] FeeeeeR
7:33 Loom
9:50 Feudal Age
12:26 Double-Bit Axe
25:50 Castle Age
24:04 Fletching
24:05 Horse Collar
24:39 Padded Archer Armor
25:23 Stone Mining
25:25 Gold Mining
27:00 Bow Saw
27:07 Bodkin Arrow
27:18 Scale Barding Armor
28:33 Wheelbarrow
33:40 Imperial Age
32:51 Elite Skirmisher
34:51 Hand Cart
35:56 Capped Ram
36:12 Light Cavalry
37:02 Bloodlines
37:06 Forging
37:18 Murder Holes
37:44 Ballistics
37:55 Siege Ram
38:45 Steppe Husbandry
40:59 Iron Casting
40:45 Chain Barding Armor
41:23 Hussar
41:53 Cavalier
44:09 Thumb Ring
44:29 Parthian Tactics
45:19 Conscription
47:42 Heavy Plow
48:59 Blast Furnace
48:20 Chain Barding Armor
[8Pals] JANO JANERO
7:14 Loom
10:58 Feudal Age
11:36 Double-Bit Axe
12:21 Horse Collar
12:05 Man-at-Arms
13:33 Scale Mail Armor
16:32 Gold Mining
18:41 Loom
24:18 Castle Age
22:47 Stone Mining
23:03 Fletching
24:44 Wheelbarrow
25:58 Bow Saw
26:29 Gold Shaft Mining
26:04 Heavy Plow
27:38 Padded Archer Armor
32:56 Ballistics
32:51 Bodkin Arrow
33:21 Leather Archer Armor
39:09 Imperial Age
37:49 Hand Cart
38:02 Town Watch
41:12 Elite Composite Bowman
42:31 Conscription
43:28 Chemistry
44:08 Fereters
44:04 Squires
43:51 Gambesons
43:52 Arson
43:28 Long Swordsman
44:46 Two-Handed Swordsman
46:19 Champion
46:42 Pikeman
47:31 Bracer
47:42 Forging
47:27 Halberdier
49:51 Chain Mail Armor
51:46 Iron Casting
52:11 Plate Mail Armor
B R O L I K O
0:30 Loom
12:22 Feudal Age
32:56 Castle Age
33:44 Horse Collar
33:56 Double-Bit Axe
34:33 Gold Mining
34:45 Stone Mining
38:45 Heavy Plow
40:01 Bloodlines
39:12 Light Cavalry
44:14 Murder Holes
44:54 Elite Skirmisher
46:37 Gold Shaft Mining
51:45 Bow Saw
[8Pals] PERROLOKO
4:46 Loom
11:48 Feudal Age
13:28 Wheelbarrow
13:47 Wheelbarrow
12:35 Man-at-Arms
13:26 Long Swordsman
15:26 Double-Bit Axe
26:52 Pikeman
27:21 Arson
29:39 Castle Age
29:14 Gold Mining
29:18 Stone Mining
29:41 Fletching
29:51 Padded Archer Armor
32:15 Hand Cart
36:33 Imperial Age
34:51 Caravan
35:05 Bodkin Arrow
35:25 Leather Archer Armor
35:37 Squires
36:14 Bow Saw
35:50 Horse Collar
37:20 Forging
37:10 Scale Mail Armor
37:16 Scale Barding Armor
37:43 Ballistics
37:55 Gold Mining
37:57 Gambesons
37:33 Two-Handed Swordsman
38:34 Murder Holes
38:56 Scale Mail Armor
38:50 Elite Skirmisher
41:15 Cilician Fleet
41:46 Elite Composite Bowman
42:48 Conscription
43:55 Chemistry
51:53 Halberdier
Connection lost

Rejoining the realm…

Still unreachable

The connection could not be restored.

Session expired

The server has moved on; the page needs a fresh start.